 Dungeon Crawl Stone Soup version 0.29-a0-40-g8eb35efe60 (webtiles) character file.

Game seed: 8662726465154197692

44 lunkers the Ruffian (level 3, -7/30 HPs)
             Began as a Demigod Fighter on Feb 1, 2022.
             Mangled by Sigmund (8 damage)
             ... on level 2 of the Dungeon.
             The game lasted 00:01:24 (1431 turns).

lunkers the Ruffian (Demigod Fighter)               Turns: 1431, Time: 00:01:24

Health: -7/30      AC:  6    Str: 21    XL:     3   Next: 23%
Magic:  5/5        EV:  9    Int: 10    God:
Gold:   38         SH:  5    Dex: 13    Spells: 2/2 levels left

rFire   . . .      SeeInvis .     - Unarmed
rCold   . . .      Faith    .   b - +1 buckler
rNeg    . . .      Spirit   .   a - +0 scale mail
rPois   .          Reflect  .   (no helmet)
rElec   .          Harm     .   (no cloak)
rCorr   .          Rampage  .   (no gloves)
Will    .....                   (no boots)
Stlth   ..........              (no amulet)
HPRegen 0.10/turn               (no ring)
MPRegen 0.09/turn               (no ring)

@: no status effects
A: high MP 1, forlorn, divine attributes
a: no special abilities


You were on level 2 of the Dungeon.
You visited 1 branch of the dungeon, and saw 4 of its levels.

You collected 38 gold pieces.

Inventory:

Armour
 a - a +0 scale mail (worn)
 b - a +1 buckler (worn)
Potions
 c - a potion of might


   Skills:
 - Level 2.6 Fighting
 - Level 2.6 Armour
 - Level 2.6 Shields
 * Level 3.5 Unarmed Combat


You had 2 spell levels left.
You didn't know any spells.
Your spell library contained the following spells:

 Spells                   Type           Power      Damage    Failure   Level
 Static Discharge         Conj/Air       0%         N/A       91%         2
 Dispel Undead            Necr           0%         3d6       100%        4
 Sticky Flame             Conj/Fire      0%         2d3       100%        4


Dungeon Overview and Level Annotations

Branches:
Dungeon (4/15)
 Temple: D:4-7

Annotations:
D:2 Sigmund


Innate Abilities, Weirdness & Mutations

You have an increased reservoir of magic. (+10% MP)
You shall have no god before yourself.
Your divine heritage dramatically boosts your attributes as you level up.


Message History

As you read the scroll labelled RIDAIQAPSAXYO, it crumbles to dust.
You assume a fearsome visage.
Sigmund looks frightened!
The hobgoblin looks frightened!
The quokka looks frightened!
The hobgoblin looks frightened!
The adder looks frightened!
The kobold looks frightened!
The goblin looks frightened!
The bat looks frightened!
It was a scroll of fear.
The hobgoblin tries to recover its lost courage.
Unknown command.
Sigmund gestures wildly while chanting.
Sigmund flickers and vanishes!
Deactivating autopickup; reactivate with Ctrl-A.
The hobgoblin begs for mercy.
You see here a +0 dagger.
As you read the scroll labelled FEVEON QIEPN, it crumbles to dust.
It is a scroll of enchant weapon.
You aren't carrying any weapons that can be enchanted.
As you read the scroll labelled ICRIGIYFYI, it crumbles to dust.
The creatures around you are filled with an inner flame!
It was a scroll of immolation.
The kobold prays for help.
You see here a +0 dagger.
You see here 11 gold pieces.
You now have 38 gold pieces (gained 11).
The hobgoblin seems to regain its courage.
Something hits you.
* * * LOW HITPOINT WARNING * * *
You block the goblin's attack.
You barely miss the goblin. Something hits you.
* * * LOW HITPOINT WARNING * * *
You block the goblin's attack.
You completely miss the goblin.
The hobgoblin hits you but does no damage.
Unknown command.
You barely miss the goblin. You block the adder's attack.
The goblin hits you with a +0 dagger.
* * * LOW HITPOINT WARNING * * *
The hobgoblin hits you from afar with a +0 spear.
* * * LOW HITPOINT WARNING * * *
Something hits you!
You die...

#..........#
#..........#
###.......(# #
#..†.....#####.#
#...............
......#
######..........
......##
#.g.g{.....
........
#...S......
.......
#..@gr.....
.(.....
##########.
......# ......#
#.# #.# #.# #.#
#.#


You could see an adder, a quokka, 2 hobgoblins and a goblin (inner flame).

Vanquished Creatures
  An adder (D:3)
  A dart slug (D:1)
  An orc (D:4)
  An endoplasm (D:1)
  2 giant cockroaches (D:1)
  4 hobgoblins
  6 jackals
  A quokka (D:1)
  4 ball pythons
  2 bats (D:1)
  3 kobolds (D:1)
  2 rats (D:1)
28 creatures vanquished.

Notes
Turn   | Place    | Note
-------+----------+-------------------------------------------
     0 | D:1      | lunkers the Demigod Fighter began the quest for the Orb.
     0 | D:1      | Reached XP level 1. HP: 18/18 MP: 3/3
    31 | D:1      | Reached skill level 2 in Unarmed Combat
   289 | D:1      | Reached XP level 2. HP: 22/25 MP: 4/4
   858 | D:1      | Reached skill level 3 in Unarmed Combat
  1328 | D:2      | You fall into a shaft and drop 2 floors!
  1361 | D:4      | Reached XP level 3. HP: 28/30 MP: 5/5
  1399 | D:2      | Noticed Sigmund
  1431 | D:2      | HP: 1/30 [hobgoblin (1)]
  1431 | D:2      | Mangled by Sigmund

Illustrated notes

Levels and vault maps discovered:
D:1:      heliophobic_arrival_battle_scene, layout_loops_corners
D:2:      layout_basic, kennysheep_another_room, uniq_robin, uniq_sigmund
D:3:      layout_basic, minivault_25, kennysheep_small_spiral,
          minmay_misc_feat_four_crosses, wander_ebering_terrifying_dragon_lair
D:4:      layout_cave_pools, uniq_crazy_yiuf_cottage, uniq_ijyb, uniq_natasha

Skill      XL: |  1  2 |
---------------+-------+-----
Unarmed Combat | 2 3 |  3.5
Fighting       | |  2.6
Armour         | |  2.6
Shields        | |  2.6

Action                   || total
-------------------------++-------
Melee: Unarmed           ||   139
  Use: Scroll            ||     4
Armor: Scale mail        ||    58
Dodge: Dodged            ||    57
Block: Buckler           ||    40

Table legend: (Time is in decaauts)
 A = Elapsed time spent in this place.
 B = Non-inter-level travel time spent in this place.
 C = Inter-level travel time spent in this place.
 D = Time resting spent in this place.
 E = Time spent auto-exploring this place.
 F = Levels seen in this place.
 G = Mean time per level.
                   A        B        C        D        E       F      G
               +--------+--------+--------+--------+--------+-----+--------+
         Total |   1431 |   1418 |     13 |     19 |   1150 |   4 |  357.8 |
       Dungeon |   1431 |   1418 |     13 |     19 |   1150 |   4 |  357.8 |
               +--------+--------+--------+--------+--------+-----+--------+

Top non-repeatable levels by time:
     D:1: 1300 daAuts
     D:2: 60 daAuts
     D:4: 52 daAuts
     D:3: 17 daAuts
